 Dungeon Crawl Stone Soup version 0.26-a0-1060-g086102a3f0 (webtiles) character file.

Game seed: 11640610611308710603

36 streetpizza the Conjurer (level 3, -1/20 HPs)
             Began as a Tengu Conjurer on Dec 13, 2020.
             Slain by Terence
             ... wielding a +5 flail of protection
              (5 damage)
             ... on level 1 of the Dungeon.
             The game lasted 00:04:59 (1288 turns).

streetpizza the Conjurer (Tengu Conjurer)           Turns: 1288, Time: 00:04:59

Health: -1/20      AC:  3    Str:  7    XL:     3   Next: 37%
Magic:  3/7        EV: 13    Int: 19    God:
Gold:   63         SH:  0    Dex: 12    Spells: 3/6 levels left

rFire    . . .     SeeInvis .   h - +0 hand axe
rCold    . . .     Faith    .   (no shield)
rNeg     . . .     Spirit   .   a - +0 robe
rPois    .         Reflect  .   (helmet restricted)
rElec    .         Harm     .   b - +0 cloak
rCorr    .         Rampage  .   (no gloves)
Will     .....                  (boots unavailable)
Stlth    ++........             (no amulet)
HPRegen  0.06/turn              (no ring)
MPRegen  0.10/turn              (no ring)

@: no status effects
A: beak, talons 3
a: no special abilities


You were on level 1 of the Dungeon.
You visited 1 branch of the dungeon, and saw 2 of its levels.

You collected 63 gold pieces.

Inventory:

Hand Weapons
 h - a +0 hand axe (weapon)
Armour
 a - a +0 robe (worn)
 b - a +0 cloak (worn)
Scrolls
 e - a scroll of amnesia {unknown}
 f - a scroll of magic mapping {unknown}
 i - a scroll of identify {unknown}
 j - 3 scrolls of immolation {unknown}
Potions
 c - a potion of invisibility {unknown}
 d - 4 potions of curing
 g - a potion of heal wounds {unknown}


   Skills:
 + Level 1.0 Fighting
 + Level 2.6 Dodging
 - Level 2.0 Stealth
 + Level 2.3 Spellcasting
 * Level 5.9 Conjurations


You had 3 spell levels left.
You knew the following spells:

 Your Spells              Type           Power        Failure   Level
a - Magic Dart            Conj           ###.         1%          1
b - Searing Ray           Conj           ###...       2%          2

Your spell library contained the following spells:

 Spells                   Type           Power        Failure   Level
 Dazzling Flash           Conj/Hex       ##....       14%         3
 Fulminant Prism          Conj/Hex       ##........   43%         4
 Iskenderun's Mystic Bla  Conj/Tloc      ##......     43%         4


Dungeon Overview and Level Annotations

Branches:
Dungeon (2/15)

Altars:

Annotations:
D:1 Terence


Innate Abilities, Weirdness & Mutations

You have a beak for a mouth.
You have claws for feet.


Message History

You finish channeling your searing ray.
Terence misses you.
There is a stone staircase leading up here.
Terence hits you with a +5 flail of protection.
* * * LOW HITPOINT WARNING * * *
You climb upwards.
There is a stone staircase leading down here.
There is a stone staircase leading down here.
Casting: Searing Ray (safe; 2% risk of failure)
Confirm with . or Enter, or press ? or * to list all spells.
Aiming: Searing Ray (safe; 2% risk of failure)
Press: ? - help, Shift-Dir - straight line, f - Terence
Aim: Terence, wielding a +5 flail of protection and wearing a +0 chain mail (heavily wounded, 15% to evade)
The searing ray hits Terence.
Terence is heavily wounded. (Press . to maintain the ray.) Terence drinks a potion.
Terence is healed!
The searing ray hits Terence!
Terence is severely wounded.
Terence hits you with a +5 flail of protection.
You die...

#.....#.....#.............#
#.#.⌠.#.⌠.#.#.####........#
#.#.......#.#.# #........#
#.###...###.#.# #....†...####
#...........#.# ####..##.....
#####...#####.#####.......####
##...#....###.#...............
##...............###.......####
#............#@### #.......####
#............#@# #..........#
#............#.# #.......##..
##...........#.# ####..#####.
##...##...#.#.# #..# #.
##########...# #..# ##. ##..##
#..## #.. ##..# #...# #.. #..#
#.#.###..


You could see Terence.

Vanquished Creatures
  An adder (D:2)
  A dart slug (D:1)
  A leopard gecko (D:1)
  3 goblins
  3 hobgoblins (D:1)
  6 bats (D:1)
  4 frilled lizards
  3 kobolds (D:1)
  2 rats (D:1)
24 creatures vanquished.

Notes
Turn   | Place    | Note
-------+----------+-------------------------------------------
     0 | D:1      | streetpizza the Tengu Conjurer began the quest for the Orb.
     0 | D:1      | Reached XP level 1. HP: 10/10 MP: 4/4
   243 | D:1      | Reached XP level 2. HP: 16/16 MP: 4/6
   279 | D:1      | Learned a level 2 spell: Searing Ray
   453 | D:1      | You fall into a shaft and drop 1 floor!
   454 | D:2      | Noticed Terence
   465 | D:2      | Reached skill level 1 in Fighting
   465 | D:2      | Reached XP level 3. HP: 9/20 MP: 0/7
  1252 | D:2      | HP: 1/20 [Terence/+5 flail of protection (6)]
  1288 | D:1      | Slain by Terence

Illustrated notes

Levels and vault maps discovered:
D:1:      dpeg_arrival_court, layout_rooms
D:2:      layout_loops_ring, serial_rivers, chequers_serial_rivers_marsh,
          chequers_serial_rivers_micro_d, chequers_serial_rivers_micro_e,
          chequers_serial_rivers_micro_a, uniq_natasha, uniq_terence

Skill      XL: |  1  2 |
---------------+-------+-----
Fighting       | 1 |  1.0
Dodging        | |  2.6
Stealth        | |  2.0
Spellcasting   | |  2.3
Conjurations   | |  5.9

Action                   || total
-------------------------++-------
Melee: Unarmed           ||     3
       Hand axe          ||     2
 Cast: Magic Dart        ||    39
       Searing Ray       ||     4
Dodge: Dodged            ||     8

Table legend: (Time is in decaauts)
 A = Elapsed time spent in this place.
 B = Non-inter-level travel time spent in this place.
 C = Inter-level travel time spent in this place.
 D = Time resting spent in this place.
 E = Time spent auto-exploring this place.
 F = Levels seen in this place.
 G = Mean time per level.
                   A        B        C        D        E       F      G
               +--------+--------+--------+--------+--------+-----+--------+
         Total |   1288 |   1258 |     30 |    272 |    773 |   2 |  644.0 |
       Dungeon |   1288 |   1258 |     30 |    272 |    773 |   2 |  644.0 |
               +--------+--------+--------+--------+--------+-----+--------+

Top non-repeatable levels by time:
     D:1: 1081 daAuts
     D:2: 207 daAuts
